 Dungeon Crawl Stone Soup version 0.18-a0-917-g8a3da5b (webtiles) character file.

129 st0uf the Shield-Bearer (level 5, -3/42 HPs)
             Began as a Formicid Fighter on Dec 26, 2015.
             Slain by an orc priest
             ... wielding a +2 flail of crushing
              (4 damage)
             ... on level 3 of the Dungeon.
             The game lasted 00:08:39 (2618 turns).

st0uf the Shield-Bearer (Formicid Fighter)          Turns: 2618, Time: 00:08:39

Health: -3/42      AC:  7    Str: 26    XL:     5   Next: 35%
Magic:  5/5        EV:  8    Int:  8    God:
Gold:   95         SH: 10    Dex: 10    Spells: 0 memorised, 4 levels left

rFire  . . .     SeeInvis +     a - +0 long sword
rCold  . . .     Gourm    .     b - +0 scale mail
rNeg   . . .     Faith    .     c - +0 shield
rPois  .         Spirit   .     (helmet unavailable)
rElec  .         Dismiss  .     (no cloak)
rCorr  .         Reflect  .     (no gloves)
SustAt .         Harm     .     (no boots)
MR     .....                    (no amulet)
Stlth  ..........               u - +2 ring of slaying
                                j - +5 ring of strength

@: not resistant to hostile enchantments, extremely unstealthy
A: permanent stasis, dig shafts and tunnels, four strong arms, antennae 3
a: Dig, Shaft Self


You were on level 3 of the Dungeon.
You were not hungry.

You visited 1 branch of the dungeon, and saw 3 of its levels.

You collected 95 gold pieces.

Inventory:

Hand Weapons
 a - a +0 long sword (weapon)
Armour
 b - a +0 scale mail (worn)
 c - a +0 shield (worn)
Jewellery
 j - a +5 ring of strength (left hand)
 u - a +2 ring of slaying (right hand)
Wands
 v - a wand of disintegration (1/24)
 w - a wand of disintegration (7/24)
Scrolls
 e - 2 scrolls of immolation {unknown}
 p - a scroll of recharging {unknown}
 q - a scroll of teleportation {unknown}
 s - 3 scrolls of identify {unknown}
Potions
 d - a potion of might
 k - a potion of lignification {unknown}
 l - 2 potions of degeneration {unknown}
 n - a potion of mutation {unknown}
 o - a potion of invisibility {unknown}
 r - a potion of resistance {unknown}
 t - a potion of magic {unknown}
Comestibles
 f - a bread ration
 g - a chunk of flesh
 h - a beef jerky
 i - a meat ration
 m - 3 fruits


   Skills:
 + Level 4.0 Fighting
 + Level 3.1 Long Blades
 + Level 4.1 Armour
 + Level 4.8 Shields


You had 4 spell levels left.
You didn't know any spells.

Dungeon Overview and Level Annotations

Branches:
Dungeon (3/15)

Altars:
Pakellas


Innate Abilities, Weirdness & Mutations

You are under a permanent stasis effect.
You can dig through walls and to a lower floor.
Your four strong arms can wield two-handed weapons with a shield.
You have a pair of large antennae on your head (SInv).


Message History

The orc hits you with a vampiric hand axe.
* * * LOW HITPOINT WARNING * * *
The orc priest hits something but does no damage.
You slash the orc!
You kill the orc!
The orc hits you with a vampiric hand axe.
* * * LOW HITPOINT WARNING * * *
The orc priest hits something but does no damage.
You slash the orc!
You kill the orc!
Your Fighting skill increases to level 4!
You closely miss the rat. The rat bites you but does no damage.
You block the rat's attack.
You slash the rat!
You kill the rat!
The orc priest hits you with a flail of crushing.
* * * LOW HITPOINT WARNING * * *
x2 You closely miss the orc priest.
The orc priest hits you with a flail of crushing.
You die... .§ .♣§ ♣♣ P.P

§♣ ♣.. #.♣ P.. §♣.♣ .P. #♣.♣
♣.♣ P..♣♣P♣ ♣.♣.♣ ♣.♣ ♣♣.♣.♣
#♣.♣.♣o♣♣ ♣♣ ♣.♣P.♣♣
♣.♣§♣@♣P♣♣♣.♣♣♣♣...P♣♣
♣§♣.♣)♣.♣.♣.♣..P....P .#
♣.♣P♣.♣.♣P♣.........
...♣♣♣♣♣§♣.♣.♣....P####P..
.P..♣♣♣..........#.['..# #
♣.P♣...P.......####... #.
♣♣♣.♣...................
###.##.P♣PP.#...P#+##....)...
........)...#.P..#).#..⌠..P..


You could see an orc priest.

Vanquished Creatures
  2 gnolls (D:3)
  2 river rats (D:3)
  2 adders
  3 worms
  3 giant geckos
  5 orcs (D:3)
  A ball python (D:1)
  A giant cockroach (D:2)
  7 goblins
  10 hobgoblins
  A jackal (D:2)
  6 kobolds (D:1)
  2 quokkas (D:2)
  4 bats (D:1)
  2 giant newts (D:3)
  5 rats
  A plant (D:3)
57 creatures vanquished.

Notes
Turn   | Place    | Note
--------------------------------------------------------------
     0 | D:1      | st0uf the Formicid Fighter began the quest for the Orb.
     0 | D:1      | Reached XP level 1. HP: 18/18 MP: 1/1
    64 | D:1      | Reached XP level 2. HP: 24/24 MP: 2/2
    65 | D:1      | Reached skill level 4 in Shields
   366 | D:1      | Reached XP level 3. HP: 24/29 MP: 3/3
  1229 | D:2      | Reached XP level 4. HP: 35/35 MP: 4/4
  2096 | D:3      | Reached XP level 5. HP: 35/42 MP: 5/5
  2383 | D:3      | Found an oddly glowing altar of Pakellas.
  2617 | D:3      | HP: 2/42 [orc priest/flail of crushing (5)]
  2618 | D:3      | Slain by an orc priest

Vault maps used:
D:1:      co_arrival_hexagon_in_a_hexagon
D:2:      mumra_celtic_spiral_tile
D:3:      wad_woods_settlement, johnstein_pakellas_dig, marbit_many_paths,
          okawaru_gym_becter

Action                   |  1- 3 |  4- 6 || total
-------------------------+-------+-------++-------
Melee: Long sword        |   123 |   113 ||   236
  Eat: Chunk             |     1 |     5 ||     6
